 Dungeon Crawl Stone Soup version 0.30-a0-305-g026cb31310 (webtiles) character file.

Game seed: 204792617971932963

200514 MrRokkomies the Fighter (level 17, -16/164 HPs)
             Began as an Armataur Gladiator on Oct 22, 2022.
             Was a High Priest of Cheibriados.
             Shot with an arrow by a satyr (25 damage)
             ... on level 4 of the Shoals on Oct 23, 2022.
             The game lasted 02:09:58 (40932 turns).

MrRokkomies the Fighter (Armataur Gladiator)       Turns: 40932, Time: 02:09:58

Health: -16/164    AC: 29    Str: 37    XL:     17   Next: 88%
Magic:  9/26       EV: 13    Int: 30    God:    Cheibriados [*****.]
Gold:   849        SH:  0    Dex: 29    Spells: 16/16 levels left

rFire   + + +      SeeInvis +    b - +9 battleaxe (freeze)
rCold   + . .      Faith    .    (shield currently unavailable)
rNeg    + . .      Spirit   .    B - +8 chain mail "Bemukk" {rN+ Will+}
rPois   +          Reflect  .    x - +2 helmet {SInv}
rElec   .          Harm     .    I - scarf {rC+ rF+}
rCorr   +          Roll     +    N - +1 pair of gloves
Will    +++..                    (no barding)
Stlth   ..........               p - amulet of Zouwnopn {Acrobat Contam rF+ rCorr}
HPRegen 0.47/turn                F - +4 ring of protection
MPRegen 0.20/turn                Z - ring of Roiq {rPois rF+ Will+ Int+6}

@: very slow
A: large, rugged brown scales 3, deformed body, armoured tail, roll, long
tongue, awkward tongue
}: 1/15 runes: gossamer
a: Renounce Religion, Bend Time, Temporal Distortion, Slouch, Step From Time


You were on level 4 of the Shoals.
You worshipped Cheibriados.
Cheibriados was extremely pleased with you.
You visited 6 branches of the dungeon, and saw 31 of its levels.
You visited 1 bazaar.
You also visited: Trove, Ossuary and Ice Cave.

You collected 3030 gold pieces.
You spent 2181 gold pieces at shops.

Inventory:

Hand Weapons
 a - the +6 battleaxe of the Secret Heavens {vorpal, rElec rC- rN+++ SInv}
   (You bought it in a shop on level 2 of the Orcish Mines)

   It inflicts extra damage upon your enemies.
   rC:        It makes you vulnerable to cold.
   rElec:     It insulates you from electricity.
   rN:        It renders you almost immune to negative energy.
   SInv:      It lets you see invisible.
 b - a +9 battleaxe of freezing (weapon)
 S - a +5 vorpal broad axe
Missiles
 e - 9 javelins
 o - 13 boomerangs (quivered)
 y - 3 boomerangs of dispersal
 C - 5 throwing nets
 G - 57 poisoned darts
 H - 4 curare-tipped darts
 P - 6 silver javelins
Armour
 d - a +2 cloak of willpower
 x - a +2 helmet of see invisible (worn)
 B - the +8 chain mail "Bemukk" (worn) {rN+ Will+}
   (You bought it in a shop on level 3 of the Dungeon)

   rN:        It protects you from negative energy.
   Will:      It increases your willpower.
 I - a scarf of resistance (worn)
 N - a +1 pair of gloves (worn)
 X - a scarf of repulsion
Jewellery
 p - the amulet of Zouwnopn (around neck) {Acrobat Contam rF+ rCorr}
   (You found it in a treasure trove)

   [amulet of the acrobat]

   It increases your evasion while moving and waiting.
   rF:        It protects you from fire.
   Contam:    It causes magical contamination when unequipped.
   rCorr:     It protects you from acid and corrosion.
 F - a +4 ring of protection (left hand)
 L - a ring of resist corrosion
 V - a +4 ring of slaying
 Z - the ring of Roiq (right hand) {rPois rF+ Will+ Int+6}
   (You found it in a treasure trove)

   [ring of intelligence]

   Int:       It affects your intelligence (+6).
   rF:        It protects you from fire.
   rPois:     It protects you from poison.
   Will:      It increases your willpower.
Wands
 m - a wand of polymorph (20)
 q - a wand of mindburst (14)
 s - a wand of digging (3)
 v - a wand of iceblast (26)
 J - a wand of flame (32)
 M - a wand of acid (6)
Scrolls
 u - 2 scrolls of enchant armour
 A - 2 scrolls of magic mapping
 E - 7 scrolls of teleportation
 K - a scroll of immolation
 Q - 2 scrolls of poison
 R - 2 scrolls of butterflies
 W - 5 scrolls of fear
 Y - a scroll of silence
Potions
 c - 11 potions of ambrosia
 g - 3 potions of magic
 h - 4 potions of invisibility
 j - 6 potions of lignification
 k - a potion of cancellation
 l - 6 potions of attraction
 n - 9 potions of curing
 r - 3 potions of brilliance
 t - 6 potions of might
 D - 8 potions of flight
 O - a potion of berserk rage
 T - 6 potions of mutation
Miscellaneous
 f - a condenser vane (inert)
 w - a phantom mirror
 z - a lightning rod (4/4)
 U - a tin of tremorstones (2/2)


   Skills:
 + Level 14.7 Fighting
 * Level 14.1(14.8) Axes
 - Level 8.0(12.7) Maces & Flails
 * Level 10.4 Throwing
 - Level 13.0 Armour
 + Level 6.7 Dodging
 - Level 12.0 Invocations
 - Level 10.0 Evocations


You had 16 spell levels left.
You didn't know any spells.
Your spell library contained the following spells:

 Spells                   Type           Power      Damage    Failure   Level
 Slow                     Hex            0%         N/A       26%         1
 Cigotuvi's Dreadful Rot  Necr/Pois/Air  0%         N/A       38%         2
 Ensorcelled Hibernation  Hex/Ice        0%         N/A       38%         2
 Passwall                 Tmut/Erth      0%         N/A       38%         2
 Poisonous Vapours        Pois/Air       0%         N/A       38%         2
 Scorch                   Fire           0%         2d5       38%         2
 Call Canine Familiar     Summ           0%         N/A       63%         3
 Confusing Touch          Hex            0%         N/A       63%         3
 Dazzling Flash           Conj/Hex       0%         N/A       63%         3
 Inner Flame              Hex/Fire       0%         N/A       63%         3
 Mephitic Cloud           Conj/Pois/Air  0%         N/A       63%         3
 Portal Projectile        Hex/Tloc       0%         N/A       63%         3
 Swiftness                Air            0%         N/A       63%         3
 Vampiric Draining        Necr           0%         2d6       63%         3
 Cause Fear               Hex            0%         N/A       95%         4
 Flame Wave               Conj/Fire      0%         2d4       95%         4
 Leda's Liquefaction      Hex/Erth       0%         N/A       95%         4
 Summon Ice Beast         Ice/Summ       0%         N/A       95%         4
 Summon Lightning Spire   Summ/Air       0%         N/A       95%         4
 Agony                    Necr           0%         N/A       100%        5
 Silence                  Hex/Air        0%         N/A       100%        5
 Summon Mana Viper        Hex/Summ       0%         N/A       100%        5
 Summon Cactus Giant      Summ           0%         N/A       100%        6
 Monstrous Menagerie      Summ           0%         N/A       100%        7
 Storm Form               Tmut/Air       0%         N/A       100%        7
 Discord                  Hex            0%         N/A       100%        8
 Maxwell's Capacitive Co  Air            0%         ∞         100%        8


Dungeon Overview and Level Annotations

Branches:
Dungeon (15/15)            Temple (1/1) D:6            Lair (5/5) D:11
 Shoals (4/4) Lair:3       Spider (4/4) Lair:2        Slime (0/5) Lair:5
    Orc (2/2) D:10            Elf (0/3) Orc:2        Vaults (0/5) D:14
 Depths (0/4) D:15        Ossuary (visited)           IceCv (visited)

Altars:
Ashenzari
Cheibriados
Dithmenos
Fedhas
Gozag
Hepliaklqana
Kikubaaqudgha
Makhleb
Nemelex Xobeh
Okawaru
Qazlal
Ru
Sif Muna
Trog
Uskayaw
Vehumet
Wu Jian
Xom
Yredelemnul
Zin

Shops:
D:3 *   D:5 *   D:6 (   D:8 [   D:15 [   Orc:2 ===:(([*

Annotations:
D:15 1 runed translucent door, Hipp's ghost, journeyman NaBe
Shoals:4 Mara
Spider:2 1 runed translucent door, fedoskokos's ghost, adept TrFi


Innate Abilities, Weirdness & Mutations

You are completely covered in rugged brown scales. (AC +3, +7% HP)
Armour fits poorly on your strangely shaped body.
You have a long armoured tail.
You roll when moving toward enemies. (Rampage)
Your long tongue fully drains potion bottles. (2x potion effects)
Your tongue gives you trouble enunciating. (1.5x scroll delay)


Message History

You wake up.
* * * LOW HITPOINT WARNING * * *
You don't have enough magic at the moment.
You slurp down every last drop of the 11 potions of curing!
You feel better.
The cyclops throws a large rock.
The large rock misses you.
The dream sheep bites you but does no damage.
The snapping turtle bites you from afar!
* * * LOW HITPOINT WARNING * * *
Unknown command.
As you slowly read the scroll of fear, it crumbles to dust.
You assume a fearsome visage.
The snapping turtle looks frightened!
The cyclops resists with some effort.
The dream sheep looks frightened!
A frightened dream sheep leaps away.
The dream sheep looks frightened!
The dream sheep bleats in terror.
A dream sheep comes into view.
As you slowly read the scroll of teleportation, it crumbles to dust.
You feel strangely unstable.
You see here a harpy skeleton.
You hit the dream sheep. You freeze the dream sheep.
Your tail-slap misses the dream sheep.
The dream sheep is moderately wounded.
The dream sheep seems to regain its courage.
The dream sheep bites you but does no damage.
You slurp down every last drop of the 10 potions of curing!
You feel better.
Your surroundings suddenly seem different. 3 fauns, a manticore, a minotaur, 2 merfolk and an alligator snapping turtle come into view.
The minotaur is quivering silver javelins.
A merfolk siren is wielding a +2 spear of venom.
Found four items.
The satyr shouts!
The faun shouts!
The merfolk shouts!
The faun shouts!
The minotaur bellows!
The merfolk siren shouts!
The alligator snapping turtle hisses angrily.
The merfolk hits you from afar with a +0 trident!
* * * LOW HITPOINT WARNING * * *
The alligator snapping turtle bites you from afar!
* * * LOW HITPOINT WARNING * * *
The satyr unwields a +0 quarterstaff.
The satyr wields a +0 longbow.
The satyr shoots an arrow.
The arrow hits you!!
You die...

##.....##~#
#...c~~~..##
#.......#..#
#~..........
#.......#c..
#.Hm.....m#
#c...~..#
#...@..#
≈≈≈≈#~.H..# ≈
#.~.?t#
≈≈#}$}#≈≈
≈≈≈≈#..≈≈≈≈
≈≈≈≈≈≈≈≈≈≈≈≈≈≈≈
≈≈≈ ≈≈≈≈≈≈≈ ≈≈≈
≈≈≈≈≈≈≈≈≈≈≈≈≈≈≈


You could see an alligator snapping turtle, a minotaur, a satyr, a merfolk, 2
fauns, a manticore and a merfolk siren.

Vanquished Creatures
  Jorgrun (D:13)
  Mlioglotl (Shoals:3)
  Polyphemus (Shoals:3)
  Kirke (Lair:5)
  4 ghost moths (Spider:4)
  An ironbound preserver (D:14)
  A broodmother (Spider:1)
  2 very ugly things (IceCv)
  3 elemental wellsprings (Shoals:3)
  4 spark wasps (Spider:4)
  Snorg (Orc:2)
  5 merfolk javelineers
  3 entropy weavers
  5 merfolk impalers
  2 fire dragons
  4 hydras
  2 jorogumos
  2 merfolk avatars
  An ogre mage (D:14)
  2 catoblepae
  4 two-headed ogres
  4 radroaches
  6 boulder beetles
  2 merfolk aquamancers
  7 centaur warriors
  3 satyrs
  4 death yaks (Shoals:3)
  A death scarab (Spider:1)
  A sun moth (Spider:4)
  3 pharaoh ants
  A skeletal warrior (D:14)
  5 sea snakes
  A swamp dragon (Lair:5)
  3 steelbarb worms
  A wizard (D:15)
  6 orb spiders
  5 orc knights
  2 deep elf pyromancers
  A necromancer (D:15)
  14 harpies
  2 orc sorcerers
  17 wolf spiders
  15 ugly things
  13 cyclopes
  12 manticores
  12 merfolk sirens
  6 black mambas
  12 fauns
  2 moths of wrath
  7 water nymphs
  6 elephants
  A torpor snail (Spider:2)
  2 naga magi (D:15)
  3 centaur zombies (D:15)
  8 cane toads
  Maggie (D:8)
  A cane toad (shapeshifter) (D:14)
  2 gargoyles
  8 demonic crawlers
  7 rime drakes
  2 efreet
  A centaur skeleton (D:15)
  3 yaktaurs (D:15)
  6 freezing wraiths
  9 komodo dragons
  An anaconda simulacrum (IceCv)
  A komodo dragon (shapeshifter) (D:12)
  2 trolls
  14 polar bears
  3 meliai (Spider:2)
  28 merfolk
  2 wind drakes (Shoals:2)
  6 hornets (Spider:4)
  4 raiju (Lair:5)
  11 slime creatures
  9 dream sheep
  27 tarantellas
  23 jumping spiders
  8 snapping turtles
  27 blink frogs
  A centaur simulacrum (D:15)
  15 culicivoras
  10 water elementals
  2 vampires
  2 dire elephant simulacra (IceCv)
  6 wraiths
  4 wyverns
  3 shadows
  Eustachio (D:4)
  45 yaks
  4 hogs (Lair:5)
  A golden eye (shapeshifter) (D:14)
  6 basilisks
  4 steam dragons
  50 redbacks
  9 vampire mosquitoes
  6 wargs
  2 harpy simulacra (IceCv)
  3 acid dragons
  15 water moccasins
  13 hell hounds (Lair:5)
  18 black bears
  33 orc warriors
  A swamp drake (Lair:5)
  2 ice beasts (D:5)
  5 sky beasts
  3 alligator simulacra (IceCv)
  4 ogres
  39 wolves
  24 centaurs
  A phantom (D:5)
  6 kobold brigands
  6 bullfrogs
  4 scorpions
  8 wights (D:9)
  An electric eel (Lair:3)
  5 jellies
  14 orc priests
  Crazy Yiuf (D:7)
  7 hounds
  Jessica (D:2)
  5 iguanas
  19 orc wizards
  A mummy (Ossuary)
  Robin (D:2)
  4 gnolls
  14 adders
  4 river rats (D:4)
  2 shadow imps
  A white imp (D:7)
  An ufetubus (D:5)
  3 worms
  3 dart slugs
  54 orcs
  2 bats
  14 endoplasms
  3 giant cockroaches
  15 goblins
  11 hobgoblins
  6 jackals
  4 quokkas
  10 ball pythons
  3 frilled lizards
  5 gnoll skeletons (Ossuary)
  32 kobolds
  10 kobold skeletons (Ossuary)
  10 orc skeletons (Ossuary)
  9 rats
1075 creatures vanquished.

Vanquished Creatures (others)
  A wizard (D:14)
  A redback (Spider:1)
  An iguana (Lair:5)
  29 fungi
  91 plants
123 creatures vanquished.

Grand Total: 1198 creatures vanquished

Notes
Turn   | Place    | Note
-------+----------+-------------------------------------------
     0 | D:1      | MrRokkomies the Armataur Gladiator began the quest for the
                  | Orb.
     0 | D:1      | Reached XP level 1. HP: 18/18 MP: 1/1
   181 | D:1      | Reached XP level 2. HP: 25/25 MP: 2/2
   725 | D:1      | Reached skill level 1 in Armour
   854 | D:1      | Found a faded altar of an unknown god.
   864 | D:1      | Reached XP level 3. HP: 30/31 MP: 3/3
  1280 | D:2      | Noticed Robin
  1294 | D:2      | Killed Robin
  1295 | D:2      | Reached XP level 4. HP: 24/39 MP: 4/4
  1348 | D:2      | Noticed Jessica
  1352 | D:2      | Killed Jessica
  1775 | D:2      | Reached XP level 5. HP: 40/48 MP: 5/5
  2222 | D:3      | Found Dunel's General Store.
  2717 | D:4      | Reached XP level 6. HP: 51/54 MP: 6/6
  2767 | D:4      | Noticed Eustachio
  2779 | D:4      | Killed Eustachio
  3060 | D:3      | Bought a +1 helmet of see invisible for 181 gold pieces
  3256 | D:4      | Reached XP level 7. HP: 21/63 MP: 7/7
  4319 | D:5      | Entered Level 5 of the Dungeon
  4338 | D:5      | Reached skill level 5 in Maces & Flails
  4580 | D:5      | Noticed a two-headed ogre
  4583 | D:5      | Reached skill level 5 in Fighting
  4598 | D:5      | Killed a two-headed ogre
  4599 | D:5      | Reached XP level 8. HP: 43/74 MP: 8/8
  4725 | D:5      | Reached skill level 5 in Armour
  4979 | D:5      | Reached XP level 9. HP: 83/83 MP: 9/9
  5278 | D:5      | Found Ketom's Serpentskin Sales.
  5286 | D:5      | Reached skill level 1 in Evocations
  5667 | D:6      | Identified the +1 chain mail "Uffaug" {rN+}
  5907 | D:6      | Found a staircase to the Ecumenical Temple.
  5917 | Temple   | Entered the Ecumenical Temple
  5980 | Temple   | Became a worshipper of Cheibriados the Contemplative
  6114 | D:6      | Found Hotuh's Weapon Shoppe.
  6147 | D:6      | Bought a +0 great mace for 97 gold pieces
  6174 | D:6      | Reached skill level 1 in Invocations
  6380 | D:7      | Found a runed translucent door.
  6381 | D:7      | Noticed Crazy Yiuf
  6387 | D:7      | Killed Crazy Yiuf
  6794 | D:7      | Reached * piety under Cheibriados
  6811 | D:7      | Reached XP level 10. HP: 58/94 MP: 12/12
  7155 | D:8      | Identified the +1 pair of boots of Salvation {*Corrode rC+
                  | Int+2}
  7187 | D:8      | Reached ** piety under Cheibriados
  7236 | D:8      | Found Qaexoz's Armour Shop.
  7399 | D:8      | Found a sand-covered staircase.
  7407 | Ossuary  | Entered an ossuary
  7683 | D:8      | Noticed Maggie
  7694 | D:8      | Killed Maggie
  8298 | D:9      | Noticed a cyclops
  8300 | D:9      | Killed a cyclops
  8300 | D:9      | Reached *** piety under Cheibriados
  8302 | D:9      | Reached skill level 1 in Axes
  8365 | D:9      | Noticed a two-headed ogre
  8373 | D:9      | Killed a two-headed ogre
  8374 | D:9      | Reached skill level 5 in Invocations
  8758 | D:9      | Found a hazy altar of Hepliaklqana.
  8771 | D:9      | Found an ornate altar of the Wu Jian Council.
  8772 | D:9      | Found a broken altar of Ashenzari.
  8772 | D:9      | Found a hide-covered altar of Uskayaw.
  8773 | D:9      | Found a stormy altar of Qazlal.
  8776 | D:9      | Found a shimmering blue altar of Sif Muna.
  8777 | D:9      | Found a sacrificial altar of Ru.
  9266 | D:10     | Entered Level 10 of the Dungeon
  9272 | D:10     | Reached XP level 11. HP: 96/97 MP: 15/15
  9272 | D:10     | Reached **** piety under Cheibriados
  9474 | D:10     | You fall into a shaft and drop 1 floor!
  9700 | D:11     | Noticed a centaur warrior
  9708 | D:11     | Killed a centaur warrior
  9709 | D:11     | Reached skill level 5 in Evocations
  9839 | D:11     | Found a staircase to the Lair.
 10721 | D:11     | Found an iron altar of Okawaru.
 10838 | D:10     | Noticed a red ugly thing
 10845 | D:10     | Killed a red ugly thing
 11218 | D:10     | Found a portal to a secret trove of treasure.
 11227 | Trove    | Entered a treasure trove
 11232 | Trove    | Identified the amulet of Boap {RegenMP Fly rC+ Will+ Str+4}
 11234 | Trove    | Identified the ring "Tehointe" {rN+ Int+2 Dex+4}
 11236 | Trove    | Identified the ring of Roiq {rPois rF+ Will+ Int+6}
 11241 | Trove    | Identified the amulet of Zouwnopn {Acrobat Contam rF+
                  | rCorr}
 11243 | Trove    | Identified the amulet of the Forgotten Heavens {Reflect rF+
                  | Str+3 SH+5}
 11244 | Trove    | Identified the amulet "Kaoz" {Reflect -Tele Harm Fly Str+9
                  | SH+5}
 11245 | Trove    | Identified the amulet "Yblel" {Spirit rF+ Str+4 Int+2}
 11246 | Trove    | Identified the amulet "Usobiw" {Spirit rC++ rN+ Str-3
                  | Stlth+}
 11273 | Trove    | Identified the ring of Dauploclyu {Fire Dex+4}
 11276 | Trove    | Identified the ring of Venacy {Fire *Slow +Blink Dex+3}
 11281 | Trove    | Identified the ring of Mugaarr {Wiz Drain +Blink Str+3
                  | Stlth+}
 11372 | D:10     | Found a staircase to the Orcish Mines.
 11695 | Orc:1    | Entered Level 1 of the Orcish Mines
 11895 | Orc:1    | Noticed an orc knight
 11914 | Orc:1    | Killed an orc knight
 12171 | Orc:1    | Noticed a two-headed ogre
 12177 | Orc:1    | Killed a two-headed ogre
 12647 | Orc:1    | Noticed an orc sorcerer
 12658 | Orc:1    | Killed an orc sorcerer
 12659 | Orc:1    | Reached skill level 5 in Axes
 13130 | D:3      | Bought the +8 chain mail "Bemukk" {rN+ Will+} for 674 gold
                  | pieces
 13322 | Lair:1   | Entered Level 1 of the Lair of Beasts
 13347 | Lair:1   | Reached XP level 12. HP: 57/111 MP: 17/17
 15282 | Lair:2   | Reached skill level 10 in Armour
 15299 | Lair:2   | Found a hole to the Spider Nest.
 16480 | Lair:3   | Noticed a seven-headed hydra
 16486 | Lair:3   | Killed a seven-headed hydra
 16487 | Lair:3   | Reached skill level 10 in Fighting
 16610 | Lair:3   | Reached XP level 13. HP: 87/120 MP: 20/20
 17054 | Lair:3   | Found a staircase to the Shoals.
 17059 | Lair:3   | Reached skill level 10 in Invocations
 18338 | Lair:5   | Entered Level 5 of the Lair of Beasts
 18630 | Lair:5   | Reached ***** piety under Cheibriados
 18920 | Lair:5   | Noticed Kirke
 18939 | Lair:5   | Killed Kirke
 19184 | Lair:5   | Reached XP level 14. HP: 98/132 MP: 22/22
 19965 | Lair:5   | Identified the +0 robe of the Trombone {rF+ Str+3}
 19988 | Lair:5   | Reached ****** piety under Cheibriados
 20550 | Lair:5   | Found a staircase to the Slime Pits.
 20767 | Orc:2    | Entered Level 2 of the Orcish Mines
 20783 | Orc:2    | Noticed Snorg
 20794 | Orc:2    | Killed Snorg
 21015 | Orc:2    | Found a flickering gateway to a bazaar.
 21021 | Bazaar   | Entered a bazaar
 21023 | Bazaar   | Found Zamiag's Distillery.
 21027 | Bazaar   | Found Hoczezaobb's Book Boutique.
 21027 | Bazaar   | Found Diocol's Book Boutique.
 21028 | Bazaar   | Found Exal's Book Boutique.
 21059 | Bazaar   | Bought a potion of heal wounds for 55 gold pieces
 21059 | Bazaar   | Bought a potion of heal wounds for 55 gold pieces
 21080 | Orc:2    | Found Ybbucer's Armour Shoppe.
 21090 | Orc:2    | Found Reaqemad's General Store.
 21093 | Orc:2    | Found a staircase to the Elven Halls.
 21163 | Orc:2    | Bought a potion of heal wounds for 85 gold pieces
 21174 | Orc:2    | Found Cafica's Antique Weapon Boutique.
 21637 | Orc:2    | Found Patsomuf's Jewellery Boutique.
 21637 | Orc:2    | Found Qeacs's Book Emporium.
 21639 | Orc:2    | Found Qillya Hadgh's Weapon Shoppe.
 21641 | Orc:2    | Found Melohir's Jewellery Shop.
 21723 | Orc:2    | Found Cullosh's Jewellery Boutique.
 22141 | Orc:2    | Bought the +6 battleaxe of the Secret Heavens {vorpal,
                  | rElec rC- rN+++ SInv} for 862 gold pieces
 23603 | D:13     | Noticed Jorgrun
 23614 | D:13     | Killed Jorgrun
 23615 | D:13     | Reached skill level 10 in Axes
 24491 | D:14     | Noticed an ironbound preserver
 24492 | D:14     | Found a gate to the Vaults.
 24508 | D:14     | Killed an ironbound preserver
 24720 | D:14     | Reached XP level 15. HP: 127/143 MP: 24/24
 24929 | D:14     | Found a frozen archway.
 24935 | IceCv    | Entered an ice cave
 24947 | IceCv    | HP: 3/143 [alligator simulacrum (9)]
 25277 | IceCv    | Found a transporter.
 25287 | IceCv    | Found a transporter.
 25330 | IceCv    | Identified the +9 morningstar of the Pill Bug {elec, *Rage
                  | rPois Str+7 Int+5}
 25823 | D:14     | Found a shadowy altar of Dithmenos.
 26370 | D:14     | Found Kaoxkour's Superior Scales.
 26740 | D:15     | Entered Level 15 of the Dungeon
 26740 | D:15     | Noticed Hipp's ghost (journeyman NaBe)
 26740 | D:15     | Found a runed translucent door.
 26762 | D:15     | Reached skill level 10 in Evocations
 27055 | D:15     | Found Pagramea's Armour Emporium.
 28132 | D:15     | Found a staircase to the Depths.
 28537 | Spider:1 | Entered Level 1 of the Spider Nest
 29649 | Spider:1 | Reached skill level 5 in Throwing
 30494 | Spider:1 | Reached XP level 16. HP: 150/154 MP: 25/25
 30795 | Spider:2 | Noticed fedoskokos's ghost (adept TrFi)
 30798 | Spider:2 | Found a runed translucent door.
 33122 | Spider:4 | Entered Level 4 of the Spider Nest
 33716 | Spider:4 | Reached skill level 5 in Dodging
 34521 | Spider:4 | HP: 5/156 [spark wasp (4)]
 35322 | Spider:4 | Paralysed by a hornet for 1 turns
 35502 | Spider:4 | Got a gossamer rune of Zot
 35774 | D:8      | Bought a +1 pair of gloves for 172 gold pieces
 35908 | Shoals:1 | Entered Level 1 of the Shoals
 36421 | Shoals:1 | Reached XP level 17. HP: 158/162 MP: 26/26
 40213 | Shoals:3 | Noticed Mlioglotl
 40217 | Shoals:3 | Killed Mlioglotl
 40349 | Shoals:3 | Reached skill level 10 in Throwing
 40406 | Shoals:3 | Noticed Polyphemus
 40419 | Shoals:3 | Killed Polyphemus
 40900 | Shoals:4 | Entered Level 4 of the Shoals
 40912 | Shoals:4 | Noticed Mara
 40917 | Shoals:4 | HP: 8/164 [alligator snapping turtle (15)]
 40932 | Shoals:4 | Shot with an arrow by a satyr

Illustrated notes

Levels and vault maps discovered:
D:1:      minmay_arrival_four_loops, layout_loops_ring, serial_forest,
          infiniplex_forest_corner_1, infiniplex_forest_clump_cross,
          infiniplex_forest_lined_2, infiniplex_forest_lined_2,
          infiniplex_forest_end_3, infiniplex_forest_lined_room_2,
          infiniplex_forest_straight_4, infiniplex_forest_end_1,
          infiniplex_forest_fountain, dilly_ecumenical_altar_fadedgnrine
D:2:      layout_loops_corners, serial_bayou_pond_b, uniq_jessica, uniq_robin
D:3:      layout_rooms, serial_shops, nicolae_shop_crystal,
          minmay_splitting_lines, minmay_misc_feat_alley
D:4:      layout_basic, lightli_sewer_entry_pipes, uniq_eustachio
D:5:      kennysheep_windowed_halls, layout_basic, guppyfry_shop_venom
D:6:      layout_cave_pools, minmay_temple_entry_trees, serial_shops,
          nicolae_shop_waterfront
D:7:      layout_basic, uniq_crazy_yiuf_cottage
D:8:      layout_loops_ring, serial_shops, shop, chequers_ossuary_entry_cave,
          serial_park_tiny_pond, uniq_maggie
D:9:      layout_basic, minitemple, kennysheep_small_square
D:10:     layout_layer_cave, orc_0_dummy, nicolae_trove_entry_columns,
          serial_glass, glass_columns_b, glass_columns_a, feat_on_display
D:11:     layout_gridville, david_lair_generic, minivault_20,
          david_defended_altar_orc
D:12:     layout_loops_ring
D:13:     layout_irregular_city, uniq_jorgrun
D:14:     layout_layer_cave, skrybe_vaults_entry_preservation,
          lemuel_tele_altar, serial_rivers, chequers_serial_rivers_room_b,
          chequers_serial_rivers_micro_d, chequers_serial_rivers_marsh,
          chequers_serial_rivers_micro_c, chequers_serial_rivers_micro_e,
          portal_ice_cave_entry_horrid_things, hellmonk_scale_shop
D:15:     grunt_enter_depths_magical_seal, layout_gridville,
          ebering_ghost_inner_flame, nicolae_wooded_promenade
Temple:   regret_index_temple_waves
Lair:1:   layout_cave_pods
Lair:2:   layout_regular_city, spider_nest_entry_rubble, serial_rivers,
          chequers_serial_rivers_micro_c, chequers_serial_rivers_small_3,
          chequers_serial_rivers_marsh, chequers_serial_rivers_micro_b
Lair:3:   layout_roguey, elwin_shoals_entry_rooms, grunt_megastairs_3
Lair:4:   layout_gridlike, infiniplex_staircase_pool
Lair:5:   hangedman_lair_caniforms_friends, layout_misc_corridors,
          guppyfry_lair_end_dragon, dpeg_slime_entry_enclosed, uniq_kirke
Shoals:1: layout_shoals
Shoals:2: layout_shoals
Shoals:3: layout_shoals, nicolae_shoals_raging_river, uniq_polyphemus,
          uniq_mlioglotl
Shoals:4: shoals_end_hellmonk_lost_city, uniq_mara
Spider:1: layout_spider_delve, hangedman_spider_tarantella_strand
Spider:2: layout_spider_delve, hellmonk_ghost_happy_afterlife
Spider:3: layout_spider_delve, nicolae_spider_cling_ruins, drop_trap
Spider:4: spider_rune_water
Orc:1:    layout_diamond_mine, statue_in_the_mist_lemuel, nicolae_orc_bridge_out
Orc:2:    st_orc_rangers, layout_diamond_mine, serial_shops, bzr_entry_safe,
          shop, nicolae_shop_hallway_stairs, shop_statue, nicolae_shop_crystal,
          uniq_snorg

Skill      XL: |  1  2  3  4  5  6  7  8  9 10 11 12 13 14 15 16 17 |
---------------+----------------------------------------------------+-----
Fighting       | 2 3 4 5 6 7 8 9 10 11 12 13 14 | 14.7
Maces & Flails | 3 4 6 7 8 |  8.0
Armour         | 1 2 3 4 5 6 7 9 10 11 12 13 | 13.0
Dodging        | 3 4 5 6 |  6.7
Evocations     | 3 4 6 7 8 9 10 | 10.0
Invocations    | 3 5 7 9 11 12 | 12.0
Axes           | 2 5 7 8 10 11 13 14 | 14.1
Throwing       | 5 8 10 | 10.4

Action                   |  1- 3 |  4- 6 |  7- 9 | 10-12 | 13-15 | 16-18 || total
-------------------------+-------+-------+-------+-------+-------+-------++-------
Melee: Flail             |   130 |    11 |       |       |       |       ||   141
       Tailslap          |    19 |    20 |    37 |    94 |   203 |   120 ||   493
       Punch             |     3 |     1 |       |     5 |     5 |       ||    14
       Dagger            |       |   163 |    65 |       |       |       ||   228
       Quarterstaff      |       |       |   145 |   122 |     9 |       ||   276
       Broad axe         |       |       |       |   442 |   535 |       ||   977
       Great mace        |       |       |       |     1 |       |       ||     1
       Battleaxe         |       |       |       |       |   415 |   612 ||  1027
Throw: Throwing net      |       |       |     3 |       |       |       ||     3
       Javelin           |       |       |       |     4 |       |     4 ||     8
       Dart              |       |       |       |    15 |    17 |   108 ||   140
       Boomerang         |       |       |       |       |       |    90 ||    90
Invok: Slouch            |       |       |       |       |    16 |     9 ||    25
       Step From Time    |       |       |       |       |       |     3 ||     3
       Bend Time         |       |       |       |       |       |     1 ||     1
Evoke: Wand              |       |       |     2 |       |     8 |     5 ||    15
       Condenser vane    |       |       |       |     1 |     1 |     1 ||     3
  Use: Scroll            |     4 |     4 |     4 |    15 |     7 |    14 ||    48
       Potion            |       |       |     2 |     2 |    11 |     9 ||    24
 Stab: Sleeping          |     2 |       |       |       |       |       ||     2
       Held in net/web   |       |       |     1 |       |       |       ||     1
       Distracted        |       |       |       |     2 |       |     1 ||     3
Armor: Leather armour    |     5 |       |       |       |       |       ||     5
       Chain mail        |    81 |    28 |       |   245 |   943 |   534 ||  1831
       Plate armour      |       |    62 |   143 |   281 |       |       ||   486
Dodge: Dodged            |    40 |    35 |    47 |   341 |   891 |   640 ||  1994

Table legend: (Time is in decaauts)
 A = Elapsed time spent in this place.
 B = Non-inter-level travel time spent in this place.
 C = Inter-level travel time spent in this place.
 D = Time resting spent in this place.
 E = Time spent auto-exploring this place.
 F = Levels seen in this place.
 G = Mean time per level.
                   A        B        C        D        E       F      G
               +--------+--------+--------+--------+--------+-----+--------+
         Total |  54137 |  50570 |   3567 |   5149 |  38459 |  35 | 1546.8 |
       Dungeon |  22684 |  20772 |   1912 |   1278 |  16673 |  15 | 1512.3 |
        Temple |     91 |     66 |     25 |      0 |     52 |   1 |   91.0 |
          Lair |  10342 |   9682 |    660 |    662 |   7629 |   5 | 2068.4 |
        Shoals |   6909 |   6633 |    276 |   1367 |   4317 |   4 | 1727.2 |
   Spider Nest |   9723 |   9357 |    366 |   1044 |   7206 |   4 | 2430.8 |
  Orcish Mines |   3575 |   3249 |    326 |    448 |   2375 |   2 | 1787.5 |
        Bazaar |     96 |     96 |      0 |      0 |     49 |   1 |   96.0 |
         Trove |     74 |     74 |      0 |      0 |     16 |   1 |   74.0 |
       Ossuary |    230 |    230 |      0 |      0 |    137 |   1 |  230.0 |
      Ice Cave |    410 |    410 |      0 |    347 |      0 |   1 |  410.0 |
               +--------+--------+--------+--------+--------+-----+--------+

Top non-repeatable levels by time:
Spider:4: 3184 daAuts
Spider:1: 2992 daAuts
  Lair:5: 2985 daAuts
Shoals:3: 2973 daAuts
    D:14: 2587 daAuts
    D:15: 2286 daAuts
  Lair:1: 2138 daAuts
Shoals:2: 2122 daAuts
    D:11: 2115 daAuts
  Lair:2: 1996 daAuts
   Orc:2: 1994 daAuts
    D:13: 1919 daAuts
Spider:2: 1860 daAuts
    D:10: 1790 daAuts
Shoals:1: 1772 daAuts
